 Dungeon Crawl Stone Soup version 0.25-a0-435-g4b9beb1024 (webtiles) character file.

Game seed: 12411869755429940756, levelgen mode: deterministic

3076 Denox the Destroyer (level 9, -12/51 HPs)
             Began as a Gargoyle Fire Elementalist on Jan 20, 2020.
             Was an Initiate of Vehumet.
             Mangled by a two-headed ogre
             ... wielding a +0 giant spiked club
              (17 damage)
             ... on level 8 of the Dungeon on Jan 29, 2020.
             The game lasted 01:10:02 (13109 turns).

Denox the Destroyer (Gargoyle Fire Elementalist)   Turns: 13109, Time: 01:10:03

Health: -12/51     AC:  9    Str: 12    XL:     9   Next: 88%
Magic:  11/15      EV: 12    Int: 19    God:    Vehumet [......]
Gold:   411        SH:  0    Dex: 10    Spells: 3/17 levels left

rFire    + . .     SeeInvis .   m - +5 short sword of Insufficient Pleasure {pain, rElec rPois rC++}
rCold    + + +     Gourm    .   (no shield)
rNeg     + . .     Faith    .   a - +0 robe
rPois    ∞         Spirit   .   (no helmet)
rElec    +         Reflect  .   s - scarf {rC+ rF+}
rCorr    .         Harm     .   r - +0 pair of gloves
MR       .....                  (no boots)
Stlth    ++........             (no amulet)
HPRegen  0.17/turn              (no ring)
MPRegen  0.14/turn              (no ring)

@: no status effects
A: negative energy resistance 1, electricity resistance, unbreathing,
petrification resistance, rot immunity, AC +6
a: Renounce Religion


You were on level 8 of the Dungeon.
You worshipped Vehumet.
Vehumet was noncommittal.
You were hungry.

You visited 2 branches of the dungeon, and saw 9 of its levels.
You also visited: Sewer.

You collected 411 gold pieces.

Inventory:

Hand Weapons
 m - the +5 short sword of Insufficient Pleasure (weapon) {pain, rElec rPois rC++}
   (You found it on level 5 of the Dungeon)

   In the hands of one skilled in necromantic magic, it inflicts extra damage on
   living creatures.
   It greatly protects you from cold.
   It insulates you from electricity.
   It protects you from poison.
 t - a +3 dagger
Missiles
 g - 5 boomerangs (quivered)
Armour
 a - a +0 robe (worn)
 r - a +0 pair of gloves (worn)
 s - a scarf of resistance (worn)
Jewellery
 e - an uncursed ring of wizardry {unknown}
Wands
 o - a wand of disintegration (14)
Scrolls
 b - 2 scrolls of immolation
 k - 3 scrolls of magic mapping
 q - a scroll of identify
 u - a scroll of fog
 w - 3 scrolls of enchant weapon
 x - a scroll of torment
 y - a scroll of remove curse
 A - a scroll of teleportation
 B - a scroll of noise {unknown}
Potions
 d - a potion of curing
 f - 2 potions of resistance
 h - a potion of might
 i - a potion of invisibility
 l - a potion of brilliance {unknown}
 n - 2 potions of haste {unknown}
 p - a potion of flight {unknown}
 v - a potion of ambrosia {unknown}
Comestibles
 c - 16 rations


   Skills:
 - Level 3.6 Fighting
   Level 2.0 Maces & Flails
 - Level 1.5 Dodging
 - Level 2.1 Stealth
 - Level 4.5 Spellcasting
 * Level 9.7 Conjurations
 * Level 8.5 Fire Magic


You had 3 spell levels left.
You knew the following spells:

 Your Spells              Type           Power        Failure   Level  Hunger
a - Foxfire               Conj/Fire      ####         1%          1    None
b - Conjure Flame         Conj/Fire      #####...     1%          3    ###....
c - Mephitic Cloud        Conj/Pois/Air  ###.....     11%         3    ###....
d - Blink                 Tloc           N/A          21%         2    #......
e - Fireball              Conj/Fire      #####.....   9%          5    ######.

Your spell library contained the following spells:

 Spells                   Type           Power        Failure   Level  Hunger
 Magic Dart               Conj           ####         1%          1    None
 Inner Flame              Hex/Fire       ###.....     7%          3    ###....
 Animate Skeleton         Necr           N/A          13%         1    None
 Pain                     Necr           #...         13%         1    None
 Call Imp                 Summ           #.......     21%         2    #......
 Slow                     Hex            #.......     21%         2    #......
 Vampiric Draining        Necr           #.........   36%         3    ###....
 Sticky Flame             Conj/Fire      #####...     3%          4    ####...
 Animate Dead             Necr           N/A          78%         4    ####...
 Agony                    Necr           #.......     98%         5    ######.


Dungeon Overview and Level Annotations

Branches:
Dungeon (8/15)             Temple (1/1) D:7           Sewer (visited)
   Lair: D:8-11

Altars:
Ashenzari
Cheibriados
Dithmenos
Elyvilon
Fedhas
Gozag
Hepliaklqana
Kikubaaqudgha
Makhleb
Nemelex Xobeh
Okawaru
Qazlal
Sif Muna
Trog
Uskayaw
Vehumet
Wu Jian
Xom
The Shining One

Annotations:
D:2 Sigmund
D:6 1 exclusion, Menkaure


Innate Abilities, Weirdness & Mutations

You are resistant to torment.
Your stone body is resilient. (AC +6)
You are immune to poison.
You resist negative energy. (rN+)
You are resistant to electric shocks. (rElec)
You can survive without breathing.
You are immune to petrification.
You are immune to rotting.


Message History

The two-headed ogre hits you with a +0 giant spiked club!!
The two-headed ogre hits you but does no damage.
The foxfire hits the two-headed ogre.
The two-headed ogre is almost dead.
Casting: Foxfire (safe; 1% risk of failure)
Confirm with . or Enter, or press ? or * to list all spells.
You conjure some foxfire!
The foxfire hits the scorpion.
The scorpion is moderately wounded.
The foxfire hits the two-headed ogre but does no damage.
The two-headed ogre is almost dead.
Casting: Foxfire (safe; 1% risk of failure)
Confirm with . or Enter, or press ? or * to list all spells.
You conjure some foxfire!
The scorpion stings you but does no damage.
The two-headed ogre hits you with a +0 giant spiked club!!
Ouch! That really hurt!
* * * LOW HITPOINT WARNING * * *
The two-headed ogre hits you with a +0 giant spiked club!
You die...

...............................##
..............###.............###
...?...........#.............##..
...O..........###................
..............#...............#.#
#....................##..##....##
#.......#.............#.[.#....##
##..#####......O....###...##.#..#
#...###........s@v..####..#####.#
.........).......v..........# #..
.##..#.###..#..#..........### ###
. #..####.<.#####.........####
##.# ##.## ##..#..........##
###..# #.# #..##.....#.....#
.....## #.# #..##.÷...#.#######
....#.###... #..##....)..#.....#
##........#..##...........#.....#


You could see a two-headed ogre and a scorpion.

Vanquished Creatures
  A hippogriff (D:7)
  Prince Ribbit (D:7)
  A human (D:8)
  4 hogs (D:8)
  A hungry ghost (D:8)
  2 orc warriors
  A phantom (D:8)
  A gnoll sergeant (D:6)
  A bullfrog (D:7)
  A wyvern zombie (D:6)
  A water moccasin skeleton (D:7)
  A scorpion (D:7)
  A howler monkey (D:6)
  A crimson imp (D:5)
  5 hounds
  A jelly (D:7)
  8 orc priests
  A bullfrog skeleton (D:7)
  2 gnoll shamans (D:6)
  6 orc wizards
  3 worker ants
  A hound skeleton (D:5)
  2 worker ant zombies
  38 gnolls (D:6)
  12 adders
  A river rat (Sewer)
  2 shadow imps
  An ooze (D:3)
  An adder skeleton (D:4)
  2 worms (D:2)
  A dart slug (D:2)
  2 leopard geckos
  32 orcs
  7 ball pythons
  10 giant cockroaches
  7 goblins
  8 hobgoblins
  30 jackals
  2 quokkas
  4 bats (D:1)
  8 frilled lizards
  A kobold (D:1)
  A leopard gecko skeleton (D:5)
  9 rats
  A foxfire (D:7)
227 creatures vanquished.

Vanquished Creatures (others)
  An orc wizard (D:6)
  551 foxfires
552 creatures vanquished.

Grand Total: 779 creatures vanquished

Notes
Turn   | Place    | Note
-------+----------+-------------------------------------------
     0 | D:1      | Denox the Gargoyle Fire Elementalist began the quest for
                  | the Orb.
     0 | D:1      | Reached XP level 1. HP: 10/10 MP: 3/3
   254 | D:1      | Reached XP level 2. HP: 5/16 MP: 1/5
   664 | D:1      | Reached skill level 1 in Fighting
  1464 | D:1      | Reached XP level 3. HP: 17/20 MP: 0/7
  1543 | D:1      | Learned a level 3 spell: Conjure Flame
  2138 | D:2      | You fall into a shaft and drop 1 floor!
  2558 | D:3      | Reached XP level 4. HP: 20/26 MP: 6/9
  3412 | D:2      | Reached XP level 5. HP: 28/31 MP: 6/11
  3874 | D:2      | Noticed Sigmund
  4310 | D:3      | Noticed an ogre
  4371 | D:4      | Found a glowing drain.
  4471 | Sewer    | Entered a sewer
  5086 | D:4      | Reached XP level 6. HP: 30/37 MP: 8/12
  5314 | D:4      | Reached skill level 2 in Conjurations
  6414 | D:5      | Entered Level 5 of the Dungeon
  6459 | D:5      | Reached skill level 3 in Conjurations
  6630 | D:5      | Reached skill level 1 in Maces & Flails
  7076 | D:5      | Reached skill level 4 in Conjurations
  7076 | D:5      | Reached XP level 7. HP: 41/41 MP: 10/13
  7084 | D:5      | Got an ebony short sword
  7272 | D:5      | Identified the +5 short sword of Insufficient Pleasure
                  | {pain, rElec rPois rC++} (You found it on level 5 of the
                  | Dungeon)
  7427 | D:5      | Found an ornate altar of the Wu Jian Council.
  8158 | D:7      | Noticed a troll
  8430 | D:6      | Learned a level 3 spell: Mephitic Cloud
  8433 | D:6      | Learned a level 2 spell: Blink
  8481 | D:6      | Reached skill level 5 in Conjurations
  8915 | D:6      | Reached XP level 8. HP: 43/47 MP: 10/14
  8939 | D:6      | Upgraded the game from 0.25-a0-424-g80bd347ae0 to
                  | 0.25-a0-435-g4b9beb1024
  9425 | D:6      | Reached skill level 6 in Conjurations
  9565 | D:6      | Reached skill level 5 in Fire Magic
  9983 | D:6      | Reached skill level 7 in Conjurations
 10268 | D:6      | Learned a level 5 spell: Fireball
 10383 | D:6      | Noticed Menkaure
 10425 | D:7      | Found a radiant altar of Vehumet.
 10448 | D:7      | Became a worshipper of Vehumet
 10570 | D:7      | Noticed Prince Ribbit
 10675 | D:7      | Noticed a hippogriff
 10700 | D:7      | Killed a hippogriff
 10700 | D:7      | Reached XP level 9. HP: 42/51 MP: 9/15
 10932 | D:7      | Found a white marble altar of Elyvilon.
 11098 | D:7      | Reached skill level 8 in Conjurations
 11282 | D:7      | Found a shimmering blue altar of Sif Muna.
 11283 | D:7      | Found a hazy altar of Hepliaklqana.
 11283 | D:7      | Found an ancient bone altar of Kikubaaqudgha.
 11284 | D:7      | Found a blossoming altar of Fedhas.
 11305 | D:7      | Killed Prince Ribbit
 11442 | D:7      | Found a staircase to the Ecumenical Temple.
 11562 | Temple   | Entered the Ecumenical Temple
 12486 | D:8      | Reached skill level 9 in Conjurations
 13083 | D:8      | Noticed a two-headed ogre
 13109 | D:8      | Mangled by a two-headed ogre

Levels and vault maps discovered:
D:1:      evilmike_arrival_run_for_it, layout_basic, serial_park_tiny_1
D:2:      layout_basic, first_ration, uniq_sigmund
D:3:      layout_basic, lemuel_zombie_altar_yredelemnul, grunt_ministairs_10
D:4:      layout_layer_cave, gup_sewer_entry_glass
D:5:      layout_basic, kennysheep_mini_moat
D:6:      lemuel_castle_with_subvaults [lemuel_castle_interior_carwin_1],
          layout_basic, uniq_menkaure
D:7:      layout_basic, vehumet_crystals, elyvilon_altar_3,
          chequers_temple_overflow_statue_of_worship,
          minmay_temple_entry_enclosed_plants, uniq_prince_ribbit1
D:8:      layout_cave_pools, grunt_livestock, minmay_holes, minmay_crossroads
Temple:   nicolae_temple_x_marks_the_god

Skill      XL: |  1  2  3  4  5  6  7  8  9 |
---------------+----------------------------+-----
Fighting       | 1 2 3 |  3.6
Spellcasting   | 3 4 |  4.5
Conjurations   | 4 5 7 9 |  9.7
Maces & Flails | 1 2 |  2.0
Fire Magic     | 4 6 8 |  8.5
Dodging        | |  1.5
Stealth        | |  2.1

Action                   |  1- 3 |  4- 6 |  7- 9 || total
-------------------------+-------+-------+-------++-------
Melee: Club              |    25 |       |       ||    25
       Dagger            |    76 |    37 |       ||   113
       Unarmed           |     5 |       |       ||     5
       Mace              |       |    48 |    17 ||    65
       Short sword       |       |       |   212 ||   212
 Cast: Foxfire           |    70 |   147 |   187 ||   404
       Conjure Flame     |     1 |     2 |     6 ||     9
       Mephitic Cloud    |       |       |    31 ||    31
       Blink             |       |       |     3 ||     3
       Fireball          |       |       |     4 ||     4
  Use: Scroll            |     6 |    11 |     5 ||    22
       Potion            |       |     1 |     6 ||     7
 Stab: Sleeping          |     3 |       |     1 ||     4
       Confused          |       |       |     5 ||     5
  Eat: Chunk             |     6 |    14 |    12 ||    32
       Ration            |       |       |     3 ||     3
Armor: Robe              |    76 |    69 |   102 ||   247
Dodge: Dodged            |   142 |   172 |   165 ||   479

Table legend:
 A = Non-vault XP
 B = Vault XP
 C = Vault XP percentage of total XP
 D = Non-vault monster count
 E = Vault monster count
 F = Vault count percentage of total count
                 A         B        C        D         E       F
            +---------+---------+-------+---------+---------+-------
      Total |    2452 |    1943 |  44.2 |     144 |      83 |  36.6
            +---------+---------+-------+---------+---------+-------
        D:1 |      37 |       0 |   0.0 |      22 |       0 |   0.0
        D:2 |      48 |       0 |   0.0 |      15 |       0 |   0.0
        D:3 |      90 |      16 |  15.1 |      20 |       2 |   9.1
        D:4 |     213 |      19 |   8.2 |      23 |       4 |  14.8
        D:5 |     401 |       0 |   0.0 |      15 |       0 |   0.0
        D:6 |     325 |     733 |  69.3 |      18 |      55 |  75.3
        D:7 |    1027 |     268 |  20.7 |      25 |       1 |   3.8
        D:8 |     311 |     841 |  73.0 |       6 |       7 |  53.8
      Sewer |       0 |      66 | 100.0 |       0 |      14 | 100.0
            +---------+---------+-------+---------+---------+-------
